 Dungeon Crawl Stone Soup version 0.27.0-1-g7a089689b8 (webtiles) character file.

Game seed: 17336754387296327627

100 GreyFruit the Covert (level 4, -3/41 HPs)
             Began as a Gnoll Delver on Aug 9, 2021.
             Was a Follower of Elyvilon.
             Slain by Sigmund (6 damage)
             ... on level 3 of the Dungeon.
             The game lasted 00:07:21 (2467 turns).

GreyFruit the Covert (Gnoll Delver)                 Turns: 2467, Time: 00:07:22

Health: -3/41      AC:  3    Str: 13    XL:     4   Next: 74%
Magic:  5/5        EV: 13    Int:  9    God:    Elyvilon [*.....]
Gold:   144        SH:  0    Dex: 13    Spells: 5/5 levels left

rFire    + . .     SeeInvis .   n - +1 dagger (flame)
rCold    + . .     Faith    .   (no shield)
rNeg     . . .     Spirit   .   b - +0 leather armour
rPois    +         Reflect  .   (no helmet)
rElec    +         Harm     .   (no cloak)
rCorr    +         Rampage  .   (no gloves)
Will     .....                  (no boots)
Stlth    ++++......             (no amulet)
HPRegen  0.13/turn              (no ring)
MPRegen  0.09/turn              (no ring)

@: lethally poisoned (-3 -> -15), resistant
A: fangs 1, strong nose, distributed training
a: Renounce Religion, Lesser Healing, Divine Protection


You were on level 3 of the Dungeon.
You worshipped Elyvilon.
Elyvilon was aware of your devotion.
You visited 1 branch of the dungeon, and saw 5 of its levels.

You collected 144 gold pieces.

Inventory:

Hand Weapons
 a - a +0 spear
 n - a +1 dagger of flaming (weapon)
Missiles
 o - 2 throwing nets (quivered)
Armour
 b - a +0 leather armour (worn)
Magical Staves
 i - a staff of cold
Wands
 g - a wand of digging (3)
 h - a wand of polymorph (8)
Scrolls
 c - a scroll of fog
 d - 4 scrolls of identify
 e - 3 scrolls of magic mapping
 k - a scroll of immolation
 q - a scroll of teleportation {unknown}
Potions
 f - 2 potions of haste
 j - 2 potions of resistance
 m - a potion of invisibility {unknown}
 p - a potion of cancellation {unknown}


   Skills:
 + Level 6.6 Fighting
 + Level 1.2 Short Blades
 + Level 1.2 Long Blades
 + Level 1.2 Axes
 + Level 1.2 Maces & Flails
 + Level 4.7 Polearms
 + Level 1.2 Staves
 + Level 1.2 Slings
 + Level 1.2 Bows
 + Level 1.2 Crossbows
 + Level 1.2 Throwing
 + Level 1.2 Armour
 + Level 4.7 Dodging
 + Level 9.6 Stealth
 + Level 1.2 Shields
 + Level 1.2 Unarmed Combat
 + Level 1.2 Spellcasting
 + Level 1.0 Conjurations
 + Level 1.0 Hexes
 + Level 1.0 Summonings
 + Level 1.0 Necromancy
 + Level 1.0 Translocations
 + Level 1.0 Transmutations
 + Level 1.0 Fire Magic
 + Level 1.0 Ice Magic
 + Level 1.0 Air Magic
 + Level 1.0 Earth Magic
 + Level 1.0 Poison Magic
 + Level 1.3 Invocations
 + Level 1.2 Evocations


You had 5 spell levels left.
You didn't know any spells.
Your spell library was empty.

Dungeon Overview and Level Annotations

Branches:
Dungeon (5/15)
 Temple: D:4-7

Altars:
Elyvilon

Shops:
D:2 ?(

Annotations:
D:3 Sigmund


Innate Abilities, Weirdness & Mutations

You have very sharp teeth.
Your uncanny sense of smell can sniff out nearby items.
Your experience applies equally to all skills.


Message History

You hit the orc but do no damage. You hit the orc. You burn the orc.
Your bite misses the orc.
The orc is heavily wounded.
The orc misses you.
You hit the orc. You burn the orc.
You kill the orc!
You hit the orc. You burn the orc.
You kill the orc!
HP restored.
You now have 144 gold pieces (gained 11).
Items here: ))) [ ††.
d - 4 scrolls of identify (gained 1)
Found an escape hatch in the ceiling.
Sigmund the Dreaded comes into view.
He is wielding a +0 scythe.
An adder comes into view.
The adder hisses angrily.
Sigmund shouts!
A ball python comes into view.
Sigmund hits you with a +0 scythe.
You hit Sigmund. You burn Sigmund.
Sigmund is lightly wounded.
Sigmund hits you with a +0 scythe!
You hit Sigmund. You burn Sigmund.
Sigmund is moderately wounded.
Sigmund hits you with a +0 scythe!
You are too injured to fight recklessly!
As you read the scroll labelled COUSEC ROTU, it crumbles to dust.
It is a scroll of amnesia.
You feel forgetful for a moment. Sigmund hits you with a +0 scythe!
* * * LOW HITPOINT WARNING * * *
It was a potion of resistance.
You feel protected. The adder bites you.
* * * LOW HITPOINT WARNING * * *
You are lethally poisoned!
The adder poisons you! The adder bites you.
* * * LOW HITPOINT WARNING * * *
You are more poisoned.
The adder poisons you! Sigmund hits you with a +0 scythe.
You die...

,,,,,*** #...# *...###.#.###.
*,,,,,,**#####...###.#.#......##.
*,**,,,,,............#...#)#..##.
,,**,,,,,..........#####.#.#.....
****,,*,,............#...#.##.##.
,,,,,,***#####...###.#.#.#.##.##.
***,,,**,....?...# #...#.#.##.##.
*,****,####....# #####......###
*,* *,***#..S@# ***#......# *,*
*,*#<...@S# **,,###.##.#* *,*
*,*#.#....# *,,,,*#.#..,*
***,****,*#.#....#**,⌠,_**..,,,**
,,,,,,,,,,....#.##*,,,,,****,,,,,
**,*****,*#.##..,,*,,,,******,***
**,**,,,,...,,..,,+,,,8*,,,,,,*
*,**,**,##,*...,**,,,,********
*,**,*,,,,,,,*,,,*,,,,,*


You could see Sigmund, an adder and a ball python.

Vanquished Creatures
  2 gnolls (D:2)
  A worm (D:2)
  A dart slug (D:2)
  8 orcs
  3 endoplasms
  2 giant cockroaches
  5 goblins
  4 hobgoblins
  7 jackals
  9 kobolds
  5 quokkas
  4 ball pythons
  3 bats (D:1)
  5 frilled lizards (D:1)
  2 rats (D:2)
61 creatures vanquished.

Notes
Turn   | Place    | Note
-------+----------+-------------------------------------------
     0 | D:5      | Reached skill level 9 in Stealth
     0 | D:5      | GreyFruit the Gnoll Delver began the quest for the Orb.
     0 | D:5      | Reached XP level 1. HP: 23/23 MP: 1/1
    61 | D:3      | You fall into a shaft and drop 2 floors!
   128 | D:2      | Found Saob's Weapon Shop.
   268 | D:2      | Reached XP level 2. HP: 26/29 MP: 2/2
   560 | D:2      | Reached XP level 3. HP: 21/35 MP: 3/3
   746 | D:2      | Reached skill level 1 in Invocations
  1082 | D:2      | Found Oric's Magic Scroll Shoppe.
  1095 | D:2      | Reached skill level 1 in Short Blades
  1095 | D:2      | Reached skill level 1 in Long Blades
  1095 | D:2      | Reached skill level 1 in Axes
  1095 | D:2      | Reached skill level 1 in Maces & Flails
  1095 | D:2      | Reached skill level 1 in Staves
  1095 | D:2      | Reached skill level 1 in Slings
  1095 | D:2      | Reached skill level 1 in Bows
  1095 | D:2      | Reached skill level 1 in Crossbows
  1095 | D:2      | Reached skill level 1 in Throwing
  1095 | D:2      | Reached skill level 1 in Armour
  1095 | D:2      | Reached skill level 1 in Shields
  1095 | D:2      | Reached skill level 1 in Unarmed Combat
  1095 | D:2      | Reached skill level 1 in Spellcasting
  1095 | D:2      | Reached skill level 1 in Evocations
  1163 | D:2      | Reached XP level 4. HP: 41/41 MP: 5/5
  1954 | D:1      | Reached skill level 1 in Conjurations
  1954 | D:1      | Reached skill level 1 in Hexes
  1954 | D:1      | Reached skill level 1 in Summonings
  1954 | D:1      | Reached skill level 1 in Necromancy
  1954 | D:1      | Reached skill level 1 in Translocations
  1954 | D:1      | Reached skill level 1 in Transmutations
  1954 | D:1      | Reached skill level 1 in Fire Magic
  1954 | D:1      | Reached skill level 1 in Ice Magic
  1954 | D:1      | Reached skill level 1 in Air Magic
  1954 | D:1      | Reached skill level 1 in Earth Magic
  1954 | D:1      | Reached skill level 1 in Poison Magic
  2113 | D:1      | Found a faded altar of an unknown god.
  2126 | D:1      | Became a worshipper of Elyvilon the Healer
  2126 | D:1      | Reached * piety under Elyvilon
  2459 | D:3      | Noticed Sigmund
  2467 | D:3      | Slain by Sigmund

Illustrated notes

Levels and vault maps discovered:
D:1:      nzn_arrival_water_spiral, layout_loops_ring,
          shapermc_ecumenical_altar_totnotflames
D:2:      layout_loops_ring, serial_shops,
          nicolae_shop_temple_entry_statues_fountains, shop
D:3:      layout_loops_cross, gammafunk_temple_overflow_pools,
          grunt_ministairs_8, uniq_sigmund
D:4:      layout_rooms, mainiacjoe_overflow_large_starburst,
          chequers_ossuary_entry_cave
D:5:      layout_basic, eat_drink_and_be_merry_uskayaw

Skill      XL: |  1  2  3  4 |
---------------+-------------+-----
Stealth        | |  9.6
Invocations    | 1 |  1.3
Short Blades   | 1 |  1.2
Long Blades    | 1 |  1.2
Axes           | 1 |  1.2
Maces & Flails | 1 |  1.2
Staves         | 1 |  1.2
Slings         | 1 |  1.2
Bows           | 1 |  1.2
Crossbows      | 1 |  1.2
Throwing       | 1 |  1.2
Armour         | 1 |  1.2
Shields        | 1 |  1.2
Unarmed Combat | 1 |  1.2
Spellcasting   | 1 |  1.2
Evocations     | 1 |  1.2
Conjurations   | 1 |  1.0
Hexes          | 1 |  1.0
Summonings     | 1 |  1.0
Necromancy     | 1 |  1.0
Translocations | 1 |  1.0
Transmutations | 1 |  1.0
Fire Magic     | 1 |  1.0
Ice Magic      | 1 |  1.0
Air Magic      | 1 |  1.0
Earth Magic    | 1 |  1.0
Poison Magic   | 1 |  1.0
Fighting       | |  6.6
Polearms       | |  4.7
Dodging        | |  4.7

Action                   |  1- 3 |  4- 6 || total
-------------------------+-------+-------++-------
Melee: Spear             |    19 |       ||    19
       Bite              |     7 |     4 ||    11
       Dagger            |    67 |    74 ||   141
  Use: Scroll            |     4 |     1 ||     5
       Potion            |       |     1 ||     1
 Stab: Sleeping          |     5 |    15 ||    20
       Distracted        |       |     1 ||     1
Armor: Leather armour    |     8 |    13 ||    21
Dodge: Dodged            |    50 |    35 ||    85
